| TOP OF THE 1ST |
|
Charleston RiverDogs batting - Pitching for Bowling Green Hot Rods : RHP Kyle Thomas
|
|
Pitching: RHP Kyle Thomas
|
|
|
Batting: RHB John Sprenkel
|
0-0: Ball 1-0: Called Strike 1-1: Foul Ball, location: 2F 1-2: Ball 2-2: Ground out 4-3 (Groundball, 4, EV 85.6 MPH)
|
|
Batting: RHB Bryan Westray
|
0-0: Swinging Strike 0-1: Ball 1-1: Foul Ball, location: 2F 1-2: Ball 2-2: Strikes out looking
|
|
Batting: LHB Sean Trueblood
|
0-0: Swinging Strike 0-1: Ball 1-1: Ball 2-1: Ball 3-1: Fly out, F8 (Flyball, 8LD, EV 104.4 MPH)
|
| Top of the 1st over - 0 runs, 0 hits, 0 errors, 0 left on base; Charleston 0 - Bowling Green 0 |
| BOTTOM OF THE 1ST |
|
Bowling Green Hot Rods batting - Pitching for Charleston RiverDogs : RHP Willie Perez
|
|
Pitching: RHP Willie Perez
|
|
|
Batting: RHB Chris Thorson
|
0-0: Ball 1-0: Ball 2-0: Ground out 6-3 (Groundball, 6, EV 77.5 MPH)
|
|
Batting: LHB Harris Vink
|
0-0: Swinging Strike 0-1: Called Strike 0-2: Strikes out looking
|
|
Batting: LHB Darryl Gonnella
|
0-0: Called Strike 0-1: SINGLE (Groundball, 34D, EV 103.1 MPH)
|
|
Batting: RHB Sesto Carpini
|
0-0: Ball Darryl Gonnella steals 2nd base 1-0: Called Strike 1-1: Ball 2-1: Foul Ball, location: 2F 2-2: SINGLE (Line Drive, 34D, EV 94.4 MPH) Darryl Gonnella to third Runner from 3rd tries for Home, SAFE, throw by RF to home
|
|
Batting: RHB Azedine Kirui
|
0-0: Ball 1-0: Called Strike 1-1: Foul Ball, location: 2F 1-2: Ball 2-2: Strikes out looking
|
| Bottom of the 1st over - 1 run, 2 hits, 0 errors, 1 left on base; Charleston 0 - Bowling Green 1 |
| TOP OF THE 2ND |
|
Charleston RiverDogs batting - Pitching for Bowling Green Hot Rods : RHP Kyle Thomas
|
|
Batting: RHB Iften Olujimi
|
0-0: Ball 1-0: Foul Ball, location: 2F 1-1: Called Strike 1-2: Ball 2-2: Foul Ball, location: 2F 2-2: Ball 3-2: Base on Balls
|
|
Batting: RHB Alfredo Rodriguez
|
0-0: Called Strike 0-1: Ball 1-1: Foul Ball, location: 2F 1-2: Fly out, F8 (Flyball, 78M, EV 93.1 MPH)
|
|
Batting: RHB Bill Nguyen-Tan
|
0-0: Ball 1-0: Foul Ball, location: 2F 1-1: Ball 2-1: Ball 3-1: Fly out, F8 (Flyball, 8LS, EV 83.1 MPH)
|
|
Batting: LHB Dale Anderson
|
0-0: Ball 1-0: Ground out 4-3 (Groundball, 34, EV 92.5 MPH)
|
| Top of the 2nd over - 0 runs, 0 hits, 0 errors, 1 left on base; Charleston 0 - Bowling Green 1 |
| BOTTOM OF THE 2ND |
|
Bowling Green Hot Rods batting - Pitching for Charleston RiverDogs : RHP Willie Perez
|
|
Batting: RHB Jose Arriola
|
0-0: Ball 1-0: Ball 2-0: Called Strike 2-1: SINGLE (Flyball, 3D, EV 82.5 MPH)
|
|
Batting: RHB Kunizo Yanagisawa
|
0-0: Ball 1-0: Fielders Choice at 2nd, 5-4 (Groundball, 5, EV 85.6 MPH)
|
|
Batting: LHB Jeremy Burton
|
0-0: Called Strike 0-1: Foul Ball, location: 2F 0-2: SINGLE (Line Drive, 34, EV 96.9 MPH) Kunizo Yanagisawa to second Runner from 2nd tries for 3rd, SAFE, throw by RF made to third
|
|
Batting: RHB Eric Waugaman
|
0-0: Called Strike 0-1: Called Strike Jeremy Burton steals 2nd base 0-2: Foul Ball, location: 2F 0-2: Ground out 6-3 (Groundball, 6, EV 85.0 MPH) Kunizo Yanagisawa scores Jeremy Burton to third
|
|
Batting: RHB Chris Thorson
|
0-0: Ball 1-0: Called Strike 1-1: Ground out 5-3 (Groundball, 56, EV 86.9 MPH)
|
| Bottom of the 2nd over - 1 run, 2 hits, 0 errors, 1 left on base; Charleston 0 - Bowling Green 2 |
| TOP OF THE 3RD |
|
Charleston RiverDogs batting - Pitching for Bowling Green Hot Rods : RHP Kyle Thomas
|
|
Batting: SHB Houston Phillips
|
0-0: Fly out, F9 (Flyball, 9, EV 86.2 MPH)
|
|
Batting: RHB Graham Murphy
|
0-0: Ground out 6-3 (Groundball, 6, EV 106.2 MPH)
|
|
Batting: RHB John Sprenkel
|
0-0: Ball 1-0: Reached on error, E6 (Groundball, 6, EV 105.6 MPH)
|
|
Batting: RHB Bryan Westray
|
0-0: Ball 1-0: Called Strike 1-1: Ball 2-1: Foul Ball, location: 2F 2-2: Foul Ball, location: 2F 2-2: Ball 3-2: Ground out 6-3 (Groundball, 6, EV 86.2 MPH)
|
| Top of the 3rd over - 0 runs, 0 hits, 1 error, 1 left on base; Charleston 0 - Bowling Green 2 |
| BOTTOM OF THE 3RD |
|
Bowling Green Hot Rods batting - Pitching for Charleston RiverDogs : RHP Willie Perez
|
|
Batting: LHB Harris Vink
|
0-0: Ball 1-0: Called Strike 1-1: Ball 2-1: Ball 3-1: Called Strike 3-2: Base on Balls
|
|
Batting: LHB Darryl Gonnella
|
0-0: SINGLE (Groundball, 34D, EV 101.2 MPH) (infield hit) Harris Vink to second
|
|
Batting: RHB Sesto Carpini
|
0-0: Ball 1-0: Ball 2-0: Ball 3-0: Called Strike 3-1: Foul Ball, location: 2F 3-2: Base on Balls Harris Vink to third Darryl Gonnella to second
|
|
Batting: RHB Azedine Kirui
|
0-0: Called Strike 0-1: Foul Ball, location: 2F 0-2: Ball 1-2: Foul Ball, location: 2F 1-2: Ball 2-2: Strikes out swinging
|
|
Batting: RHB Jose Arriola
|
0-0: Ball 1-0: Fly out, F8 (Flyball, 89M, EV 79.4 MPH) Runner from 3rd tags up, OUT at HOME! 8-2
|
| Bottom of the 3rd over - 0 runs, 1 hit, 0 errors, 2 left on base; Charleston 0 - Bowling Green 2 |
| TOP OF THE 4TH |
|
Charleston RiverDogs batting - Pitching for Bowling Green Hot Rods : RHP Kyle Thomas
|
|
Batting: LHB Sean Trueblood
|
0-0: Ball 1-0: Ball 2-0: Called Strike 2-1: Ball 3-1: Base on Balls
|
|
Batting: RHB Iften Olujimi
|
0-0: Ball 1-0: Foul Ball, location: 2F 1-1: Called Strike 1-2: Ball 2-2: Strikes out looking
|
|
Batting: RHB Alfredo Rodriguez
|
0-0: Called Strike 0-1: Ball 1-1: Foul Ball, location: 2F 1-2: Fielders Choice at 2nd, 6-4 (Groundball, 56, EV 81.2 MPH)
|
|
Batting: RHB Bill Nguyen-Tan
|
0-0: Ball 1-0: SINGLE (Flyball, 7LS, EV 91.9 MPH) Alfredo Rodriguez to second
|
|
Batting: LHB Dale Anderson
|
0-0: Ball 1-0: Fly out, F9 (Line Drive, 9S, EV 88.1 MPH)
|
| Top of the 4th over - 0 runs, 1 hit, 0 errors, 2 left on base; Charleston 0 - Bowling Green 2 |
| BOTTOM OF THE 4TH |
|
Bowling Green Hot Rods batting - Pitching for Charleston RiverDogs : RHP Willie Perez
|
|
Batting: RHB Kunizo Yanagisawa
|
0-0: Called Strike 0-1: Called Strike 0-2: Ball 1-2: Strikes out swinging
|
|
Batting: LHB Jeremy Burton
|
0-0: Foul Ball, location: 2F 0-1: Ball 1-1: Ball 2-1: Foul Ball, location: 2F 2-2: Ball 3-2: Ground out 6-3 (Groundball, 6S, EV 94.4 MPH)
|
|
Batting: RHB Eric Waugaman
|
0-0: Ball 1-0: Swinging Strike 1-1: Ball 2-1: Foul Ball, location: 2F 2-2: Foul Ball, location: 2F 2-2: Ball 3-2: Strikes out swinging
|
| Bottom of the 4th over - 0 runs, 0 hits, 0 errors, 0 left on base; Charleston 0 - Bowling Green 2 |
| TOP OF THE 5TH |
|
Charleston RiverDogs batting - Pitching for Bowling Green Hot Rods : RHP Kyle Thomas
|
|
Batting: SHB Houston Phillips
|
0-0: Called Strike 0-1: Foul Ball, location: 2F 0-2: Ball 1-2: Strikes out looking
|
|
Batting: RHB Graham Murphy
|
0-0: Ball 1-0: Foul Ball, location: 2F 1-1: Ball 2-1: Fly out, F4 (Popup, 4M, EV 68.8 MPH)
|
|
Batting: RHB John Sprenkel
|
0-0: Called Strike 0-1: Ball 1-1: SINGLE (Groundball, 4D, EV 103.8 MPH)
|
|
Batting: RHB Bryan Westray
|
0-0: Ball 1-0: Foul Ball, location: 2F 1-1: Called Strike 1-2: Ball 2-2: Ball 3-2: Ground out 4-3 (Groundball, 34S, EV 78.1 MPH)
|
| Top of the 5th over - 0 runs, 1 hit, 0 errors, 1 left on base; Charleston 0 - Bowling Green 2 |
| BOTTOM OF THE 5TH |
|
Bowling Green Hot Rods batting - Pitching for Charleston RiverDogs : RHP Willie Perez
|
|
Batting: RHB Chris Thorson
|
0-0: Ball 1-0: Ball 2-0: Ball 3-0: Base on Balls
|
|
Batting: LHB Harris Vink
|
0-0: Fly out, F4 (Popup, 34S, EV 69.4 MPH)
|
|
Batting: LHB Darryl Gonnella
|
0-0: Ball 1-0: Ball Chris Thorson steals 2nd base (no throw) 2-0: Foul Ball, location: 2F 2-1: Reached on error, E1 (Groundball, 25, EV 71.9 MPH) Chris Thorson to third
|
|
Batting: RHB Sesto Carpini
|
0-0: Ball 1-0: Called Strike 1-1: Ball 2-1: Foul Ball, location: 2F 2-2: Strikes out looking Darryl Gonnella steals 2nd base (no throw) Batter strikes out.
|
|
Batting: RHB Azedine Kirui
|
0-0: Ball 1-0: Ball 2-0: Ball 3-0: Called Strike 3-1: Ground out 4-3 (Groundball, 34, EV 83.1 MPH)
|
| Bottom of the 5th over - 0 runs, 0 hits, 1 error, 2 left on base; Charleston 0 - Bowling Green 2 |
| TOP OF THE 6TH |
|
Charleston RiverDogs batting - Pitching for Bowling Green Hot Rods : RHP Kyle Thomas
|
|
Batting: LHB Sean Trueblood
|
0-0: Called Strike 0-1: Ball 1-1: Ball 2-1: Called Strike 2-2: Strikes out looking
|
|
Batting: RHB Iften Olujimi
|
0-0: Foul Ball, location: 2F 0-1: Ball 1-1: TRIPLE (Line Drive, 9LD, EV 111.9 MPH)
|
|
Batting: RHB Alfredo Rodriguez
|
0-0: Called Strike 0-1: Swinging Strike 0-2: Ball 1-2: SINGLE (Groundball, 6MD, EV 103.8 MPH) Iften Olujimi scores
|
|
Batting: RHB Bill Nguyen-Tan
|
0-0: Ball 1-0: Called Strike 1-1: Foul Ball, location: 2F 1-2: Strikes out swinging
|
|
Batting: LHB Dale Anderson
|
0-0: Swinging Strike 0-1: Ball 1-1: Foul Ball, location: 2F 1-2: Foul Ball, location: 2F 1-2: Strikes out swinging
|
| Top of the 6th over - 1 run, 2 hits, 0 errors, 1 left on base; Charleston 1 - Bowling Green 2 |
| BOTTOM OF THE 6TH |
|
Bowling Green Hot Rods batting - Pitching for Charleston RiverDogs : RHP Willie Perez
|
|
Batting: RHB Jose Arriola
|
0-0: Ball 1-0: Called Strike 1-1: Ball 2-1: Ball 3-1: Base on Balls
|
|
Pitching: RHP Greg Ritchie
|
|
|
Batting: RHB Kunizo Yanagisawa
|
0-0: Called Strike 0-1: Ball 1-1: Ball 2-1: Called Strike 2-2: Fly out, F8 (Flyball, 8LM, EV 92.5 MPH)
|
|
Batting: LHB Jeremy Burton
|
0-0: Ball 1-0: Swinging Strike 1-1: Fly out, F7 (Flyball, 7LM, EV 101.2 MPH)
|
|
Batting: RHB Eric Waugaman
|
0-0: Ball 1-0: Ball Jose Arriola steals 2nd base 2-0: Ball 3-0: Called Strike 3-1: Ground out 6-3 (Groundball, 6, EV 96.2 MPH)
|
| Bottom of the 6th over - 0 runs, 0 hits, 0 errors, 1 left on base; Charleston 1 - Bowling Green 2 |
| TOP OF THE 7TH |
|
Charleston RiverDogs batting - Pitching for Bowling Green Hot Rods : RHP Kyle Thomas
|
|
Batting: SHB Houston Phillips
|
0-0: Ball 1-0: Foul Ball, location: 2F 1-1: Foul Ball, location: 2F 1-2: Foul Ball, location: 2F 1-2: Foul Ball, location: 2F 1-2: Ball 2-2: Ground out 4-3 (Groundball, 4, EV 106.2 MPH)
|
|
Pitching: RHP Nate Russano
|
|
|
Pinch Hitting: LHB Jeremiah Walker
|
0-0: Foul Ball, location: 2F 0-1: Hit by Pitch
|
|
Batting: RHB John Sprenkel
|
0-0: Ball 1-0: Ball 2-0: Ball 3-0: Base on Balls Jeremiah Walker to second
|
|
Batting: RHB Bryan Westray
|
0-0: Foul Ball, location: 2F 0-1: Ball 1-1: Foul Ball, location: 2F 1-2: Strikes out swinging
|
|
Pitching: LHP Tim Pulliam
|
|
|
Batting: LHB Sean Trueblood
|
0-0: Fielders Choice at 2nd, 5-4 (Groundball, 5L, EV 88.8 MPH)
|
| Top of the 7th over - 0 runs, 0 hits, 0 errors, 2 left on base; Charleston 1 - Bowling Green 2 |
| BOTTOM OF THE 7TH |
|
Bowling Green Hot Rods batting - Pitching for Charleston RiverDogs : RHP Greg Ritchie
|
|
Now in LF: Bryan Westray
|
|
|
Now in CF: Marc Durgin
|
|
|
Now in RF: Bill Nguyen-Tan
|
|
|
Batting: RHB Chris Thorson
|
0-0: Ball 1-0: Ball 2-0: Swinging Strike 2-1: Fly out, F8 (Flyball, 8LM, EV 71.9 MPH)
|
|
Batting: LHB Harris Vink
|
0-0: Called Strike 0-1: Ball 1-1: Foul Ball, location: 2F 1-2: Foul Ball, location: 2F 1-2: Ball 2-2: Foul Ball, location: 2F 2-2: Strikes out swinging
|
|
Batting: LHB Darryl Gonnella
|
0-0: Ball 1-0: Ball 2-0: Called Strike 2-1: Ball 3-1: Called Strike 3-2: Foul Ball, location: 2F 3-2: Strikes out swinging
|
| Bottom of the 7th over - 0 runs, 0 hits, 0 errors, 0 left on base; Charleston 1 - Bowling Green 2 |
| TOP OF THE 8TH |
|
Charleston RiverDogs batting - Pitching for Bowling Green Hot Rods : LHP Tim Pulliam
|
|
Now at 1B: Chris Thorson
|
|
|
Now at 2B: Dusty Camelli
|
|
|
Now at 3B: Eric Waugaman
|
|
|
Now at SS: Sesto Carpini
|
|
|
Now in LF: Harris Vink
|
|
|
Now in RF: Jimmy Detrie
|
|
|
Batting: RHB Iften Olujimi
|
0-0: Ball 1-0: Ball 2-0: Called Strike 2-1: Ball 3-1: Ground out 6-3 (Groundball, 56S, EV 88.1 MPH)
|
|
Batting: RHB Alfredo Rodriguez
|
0-0: Called Strike 0-1: Swinging Strike 0-2: Foul Ball, location: 2F 0-2: Strikes out looking
|
|
Batting: RHB Bill Nguyen-Tan
|
0-0: Foul Ball, location: 2F 0-1: Ball 1-1: Swinging Strike 1-2: Foul Ball, location: 2F 1-2: Foul Ball, location: 2F 1-2: Ball 2-2: Strikes out swinging
|
| Top of the 8th over - 0 runs, 0 hits, 0 errors, 0 left on base; Charleston 1 - Bowling Green 2 |
| BOTTOM OF THE 8TH |
|
Bowling Green Hot Rods batting - Pitching for Charleston RiverDogs : RHP Greg Ritchie
|
|
Pitching: RHP Khayyat bin Faruq
|
|
|
Batting: RHB Sesto Carpini
|
0-0: Called Strike 0-1: Ball 1-1: Foul Ball, location: 2F 1-2: Ball 2-2: Foul Ball, location: 2F 2-2: SINGLE (Line Drive, 3D, EV 104.4 MPH)
|
|
Batting: RHB Azedine Kirui
|
0-0: Fly out, F9 (Flyball, 9S, EV 80.6 MPH)
|
|
Batting: LHB Jimmy Detrie
|
0-0: Called Strike 0-1: Ball 1-1: Ball 2-1: Fielders Choice at 2nd, 4-6 (Groundball, 4, EV 103.1 MPH)
|
|
Batting: RHB Kunizo Yanagisawa
|
0-0: Ball 1-0: Swinging Strike 1-1: DOUBLE (Line Drive, 8LXD, EV 103.8 MPH) Jimmy Detrie to third Runner from 3rd tries for Home, SAFE, no throw by CF
|
|
Batting: LHB Jeremy Burton
|
0-0: Ball 1-0: Called Strike 1-1: SINGLE (Groundball, 6MD, EV 104.4 MPH) Kunizo Yanagisawa to third Runner from 3rd tries for Home, SAFE, throw by CF to home
|
|
Batting: RHB Eric Waugaman
|
0-0: Ball 1-0: Foul Ball, location: 2F 1-1: Ball Jeremy Burton steals 2nd base 2-1: Called Strike 2-2: Strikes out swinging
|
| Bottom of the 8th over - 2 runs, 3 hits, 0 errors, 1 left on base; Charleston 1 - Bowling Green 4 |
| TOP OF THE 9TH |
|
Charleston RiverDogs batting - Pitching for Bowling Green Hot Rods : LHP Tim Pulliam
|
|
Pitching: RHP Cody Wilharm
|
|
|
Batting: LHB Dale Anderson
|
0-0: Called Strike 0-1: Called Strike 0-2: Ball 1-2: Strikes out looking
|
|
Batting: SHB Houston Phillips
|
0-0: Ball 1-0: Foul Ball, location: 2F 1-1: Swinging Strike 1-2: Strikes out swinging
|
|
Batting: LHB Marc Durgin
|
0-0: SINGLE (Groundball, P, EV 84.4 MPH) (infield hit)
|
|
Batting: RHB John Sprenkel
|
0-0: Called Strike 0-1: Ball 1-1: Swinging Strike 1-2: Ball 2-2: Ball 3-2: Foul Ball, location: 2F 3-2: Ground out 6-3 (Groundball, 6, EV 104.4 MPH)
|
| Top of the 9th over - 0 runs, 1 hit, 0 errors, 1 left on base; Charleston 1 - Bowling Green 4 |
|